Cogmind - Beta 12 @@@ ROGUE MODE // 2023.03.11 @ 21:42:34 Player: Fleshy Vegetable Bird Result: Destroyed by H-55 Commando with Gauss Rifle Performance ------------- Evolutions (2) 1000 Regions Visited (5) 1000 Robots Destroyed (20) 100 Value Destroyed (329) 329 Prototype IDs (3) 60 Alien Tech Used (0) 0 Bonus (-45) -45 TOTAL SCORE: 2444 Bonus ------- Friendly Fire -45 Cogmind --------- Core Integrity 0/550 Matter 258/300 Energy 100/100 System Corruption 0% Temperature Cool (2) Movement Hovering (80) Location -8/Materials Parts ------- > --- POWER (1) -------- (None) > --- PROPULSION (3) --- Combat Airjet > --- UTILITY (5) ------ Medium Storage Unit Targeting Computer Core Analyzer Hacking Suite > --- WEAPON (2) ------- (None) > --- INVENTORY (10) --- Improved Ion Engine Light Deuterium Engine Core Analyzer Reaction Control System Hacking Suite Lightning Gun Mining Laser Peak State ------------ > --- POWER ------------ Light Ion Engine > --- PROPULSION ------- Armored Wheel Armored Huge Wheel > --- UTILITY ---------- Medium Storage Unit Targeting Computer Core Analyzer Hacking Suite > --- WEAPON ----------- (None) > --- INVENTORY -------- Improved Ion Engine Light Deuterium Engine Armored Huge Wheel Combat Airjet Reaction Control System Mining Laser [Rating: 22] Favorites ----------- Power Ion Engine Engine Ion Engine Propulsion Wheel Wheel Wheel Hover Unit Combat Airjet Utility Targeting Computer Storage Small Storage Unit Processor Targeting Computer Hackware Hacking Suite Protection Light Armor Plating Weapon Assault Rifle Energy Gun Medium Laser Ballistic Gun Assault Rifle Launcher Mini Grenade Launcher Build | -11 -10 -10 -10 -9 -8 ------- Run | Jun Mat Min Exi Min Mat Slots Evolved 4 | . . . . . 4 Power . | . . . . . . Propulsion 1 | . . . . . 1 Utility 3 | . . . . . 3 Weapon . | . . . . . . Parts Attached 28 | 8 4 1 . 4 11 Power 4 | 1 1 . . 2 . Engine 4 | 1 1 . . 2 . Core . | . . . . . . Reactor . | . . . . . . Propulsion 13 | 4 2 . . 1 6 Treads . | . . . . . . Leg . | . . . . . . Wheel 12 | 4 2 . . 1 5 Hover 1 | . . . . . 1 Flight . | . . . . . . Utility 6 | 1 1 1 . . 3 Device . | . . . . . . Storage 2 | 1 . 1 . . . Processor 2 | . 1 . . . 1 Hackware 1 | . . . . . 1 Protection 1 | . . . . . 1 Artifact . | . . . . . . Weapon 5 | 2 . . . 1 2 Energy Gun 1 | 1 . . . . . Energy Cannon . | . . . . . . Ballistic Gun 3 | 1 . . . 1 1 Ballistic Cannon . | . . . . . . Launcher 1 | . . . . . 1 Special Weapon . | . . . . . . Impact Weapon . | . . . . . . Slashing Weapon . | . . . . . . Piercing Weapon . | . . . . . . Special Melee Weapon . | . . . . . . Unidentified Prototypes . | . . . . . . Parts Lost 16 | . 3 1 . 1 11 Power 3 | . 1 1 . . 1 Propulsion 9 | . 2 . . 1 6 Utility 1 | . . . . . 1 Weapon 3 | . . . . . 3 Highest Loss Streak 11 | . 3 1 . 1 11 To Critical Strikes . | . . . . . . Average Slot Usage (%) 92 | . 96 94 85 99 73 Engine 10 | . 13 8 . 14 6 Wheel 26 | . 26 28 28 27 20 Storage 13 | . 14 14 14 14 9 Processor 13 | . 13 14 14 14 11 Hackware 1 | . . . . . 9 Energy Gun 12 | . 14 14 14 14 4 Ballistic Gun 12 | . 14 14 14 14 5 Naked Turns . | . . . . . . Heaviest Build 20 | 14 14 14 14 19 20 Greatest Support 40 | 32 20 20 20 20 40 Greatest Overweight (x) 1 | . 1 . . 1 . Average Overweight (x) . | . . . . . . Largest Inventory Capacity 10 | 8 8 10 10 10 10 Average Capacity 8 | 7 8 8 10 10 10 Most Carried 10 | 6 8 10 10 10 10 Average Carried 7 | 2 6 5 9 9 7 Final Capacity 10 | 8 8 10 10 10 10 Final Carried 10 | 6 5 9 10 9 7 Class Distribution -------------------- 93% | Mutant 6% | Scavenger-Mutant Dominant Class ---------------- Mutant | -10/Materials Mutant | -10/Mines Mutant | -10/Exiles Mutant | -9/Mines Mutant | -8/Materials Resources | -11 -10 -10 -10 -9 -8 ----------- Run | Jun Mat Min Exi Min Mat Matter Collected 624 | 280 144 48 . 39 113 Remotely . | . . . . . . Salvage Created 567 | 126 304 . . 29 108 Parts 46 | 15 16 . . 3 12 Haulers Intercepted 1 | . 1 . . . . Recyclers Shooed . | . . . . . . Parts Field Recycled . | . . . . . . Retrieved Matter . | . . . . . . Parts Self-Destructed . | . . . . . . Prevented . | . . . . . . Kills | -11 -10 -10 -10 -9 -8 ------- Run | Jun Mat Min Exi Min Mat Combat Hostiles Destroyed 10 | . 7 . . . 3 Guns 10 | . 7 . . . 3 Classes Destroyed 11 | 2 5 . . . 4 Worker 1 | . . . . . 1 Builder 1 | . . . . . 1 Tunneler 4 | 3 . . . 1 . Hauler 1 | . 1 . . . . Recycler 1 | 1 . . . . . Operator 1 | . 1 . . . . Watcher 1 | . 1 . . . . Swarmer 3 | . 3 . . . . Cutter 2 | . . . . . 2 Grunt 4 | . 4 . . . . Sentry 1 | . . . . . 1 Best Kill Streak 3 | 3 3 . . 1 3 Combat Bots Only 3 | . 3 . . . 2 Max Kills in Single Turn 1 | 1 1 . . 1 1 Gunslinging . | . . . . . . Exploded . | . . . . . . Melee . | . . . . . . Uniques/NPCs Destroyed . | . . . . . . Combat | -11 -10 -10 -10 -9 -8 -------- Run | Jun Mat Min Exi Min Mat Damage Taken 2203 | . 318 49 . 36 1800 Core 585 | . 22 . . 4 559 Absorbed by Shields . | . . . . . . Core Remaining (%) 94 | 100 . . . 89 . Volleys Fired 67 | 14 43 . . 1 9 Largest 2 | 1 2 . . 2 2 Hottest 70 | 50 70 . . 70 70 Shots Fired 112 | 14 80 . . 3 15 Gun 107 | 14 80 . . 3 10 Cannon . | . . . . . . Launcher 5 | . . . . . 5 Special . | . . . . . . Kinetic 46 | . 37 . . 2 7 Thermal 61 | 14 43 . . 1 3 Explosive 5 | . . . . . 5 Electromagnetic . | . . . . . . Robot Hit Streak 17 | 4 17 . . 7 12 Robot Miss Streak 7 | 2 7 . . . 4 Penetration Max . | . . . . . . Secondary Targets 1 | . 1 . . . . Max Gunslinging Chain 1 | . 1 . . . . Shots Hit Robots 69 | 7 52 . . 2 8 Core Hits 36 | 5 17 . . 1 13 Critical Kills 1 | . . . . . 1 Critical Parts Destroyed . | . . . . . . Critical Strikes 4 | . 3 . . . 1 Burn 3 | . 3 . . . . Destroy 1 | . . . . . 1 Melee Attacks . | . . . . . . Impact . | . . . . . . Slashing . | . . . . . . Piercing . | . . . . . . Sneak Attacks . | . . . . . . Combat Hostiles . | . . . . . . Follow-up Attacks . | . . . . . . Damage Inflicted 1089 | 99 655 . . 28 307 Guns 895 | 99 655 . . 28 113 Cannons . | . . . . . . Explosions 194 | . . . . . 194 Melee . | . . . . . . Ramming . | . . . . . . Kinetic 353 | . 263 . . 15 75 Thermal 542 | 99 392 . . 13 38 Explosive 194 | . . . . . 194 Electromagnetic . | . . . . . . Impact . | . . . . . . Slashing . | . . . . . . Piercing . | . . . . . . Highest Corruption 4 | . 4 4 4 4 . Average Corruption 3 | . 3 4 4 4 . Corruption Purged . | . . . . . . Corruption Blocked . | . . . . . . Effects 29 | . 9 8 3 9 . Message Errors 7 | . 4 1 . 2 . Matter Fused 8 | . 3 2 1 2 . Heat Flow Errors 2 | . . 2 . . . Energy Discharges 5 | . . 2 . 3 . Data Loss (minor) 4 | . 2 1 . 1 . Data Loss (major) 1 | . . . 1 . . Misfires 1 | . . . . 1 . Alerts 1 | . . . 1 . . Overload Shots . | . . . . . . Overflow Damage . | . . . . . . Projectiles . | . . . . . . Explosions . | . . . . . . Melee . | . . . . . . Knockbacks . | . . . . . . Impact . | . . . . . . Kinetic . | . . . . . . Secondary . | . . . . . . Self-Inflicted Damage 74 | . . . . . 74 Shots 3 | . . . . . 3 Rammed . | . . . . . . Targets Rammed . | . . . . . . Kicked . | . . . . . . Crushed . | . . . . . . Highest Temperature 250 | 90 123 250 . 12 32 Average Temperature 42 | 40 39 109 . 8 8 Received Heat Transfer 789 | . 126 . . 6 657 Effects 1 | . . 1 . . . Energy Bleed 1 | . . 1 . . . Siege Activations . | . . . . . . Robots Corrupted . | . . . . . . Combat Hostiles . | . . . . . . Parts Fried . | . . . . . . Impact Corruptions . | . . . . . . Robots Melted . | . . . . . . Combat Hostiles . | . . . . . . Parts Melted 9 | 1 8 . . . . Heat Transferred 1813 | 296 1369 . . 37 111 Parts Sabotaged . | . . . . . . Parts Stolen . | . . . . . . Parts Stripped . | . . . . . . Power Chain Reactions . | . . . . . . Missiles Intercepted . | . . . . . . Alert | -11 -10 -10 -10 -9 -8 ------- Run | Jun Mat Min Exi Min Mat Peak Influence 177 | 20 177 40 . 42 138 Initial 25 | . 13 25 . . 12 Average 43 | 9 72 27 . 16 63 Maximum Alert Level . | . . . . . . Low Security (%) 100 | 100 100 100 . 100 100 Level 1 . | . . . . . . Level 2 . | . . . . . . Level 3 . | . . . . . . Level 4 . | . . . . . . Level 5 . | . . . . . . High Security . | . . . . . . Max Security . | . . . . . . Squads Dispatched 3 | . 2 . . . 1 Investigation 1 | . 1 . . . . Extermination . | . . . . . . Reinforcement 2 | . 1 . . . 1 Assault . | . . . . . . Garrison . | . . . . . . Intercept . | . . . . . . Searches Triggered . | . . . . . . Construction Impeded . | . . . . . . Haulers Reinforced . | . . . . . . Active Scanning Responses . | . . . . . . Cargo Convoy Interrupts . | . . . . . . Stealth | -11 -10 -10 -10 -9 -8 --------- Run | Jun Mat Min Exi Min Mat Distress Signals 3 | . 1 . . . 2 Communications Jammed . | . . . . . . Distress Signals . | . . . . . . Times Spotted 47 | . 18 3 . 4 22 Peak Tracking Total 17 | . 4 3 . 2 17 Tactical Retreats 2 | . 1 . . 1 . Traps | -11 -10 -10 -10 -9 -8 ------- Run | Jun Mat Min Exi Min Mat Traps Triggered 3 | . 3 . . . . Indirectly . | . . . . . . Trap Hack Attempts . | . . . . . . Triggered . | . . . . . . Disarmed . | . . . . . . Reprogrammed . | . . . . . . Reused . | . . . . . . Traps Extracted . | . . . . . . Installed . | . . . . . . Triggered . | . . . . . . Exploded 1 | . . . . . 1 Machines | -11 -10 -10 -10 -9 -8 ---------- Run | Jun Mat Min Exi Min Mat Machines Disabled 1 | . . . . . 1 Max in Single Turn 1 | . . . . . 1 Garrison Access 1 | . . . . . 1 Machines Repaired . | . . . . . . Machines Sabotaged . | . . . . . . Overloaded Fab Kills . | . . . . . . Hacking | -11 -10 -10 -10 -9 -8 --------- Run | Jun Mat Min Exi Min Mat Machines Accessed 9 | . 5 . 1 1 2 Terminals 7 | . 5 . . 1 1 Fabricators . | . . . . . . Repair Stations . | . . . . . . Recycling Units . | . . . . . . Scanalyzers . | . . . . . . Garrison Access 1 | . . . . . 1 Total Hacks 47 | . 17 . 23 4 3 Successful 31 | . 5 . 23 2 1 Failed 16 | . 12 . . 2 2 Catastrophic 3 | . 2 . . 1 . Database Lockouts . | . . . . . . Manual 18 | . 13 . . 3 2 Terminals 23 | . 17 . . 4 2 Fabricators . | . . . . . . Repair Stations . | . . . . . . Recycling Units . | . . . . . . Scanalyzers . | . . . . . . Garrison Access 1 | . . . . . 1 Terminal Hacks 26 | . 1 . 23 2 . Record 23 | . . . 23 . . Part Schematic 1 | . . . . 1 . Prototype ID Bank 1 | . 1 . . . . Zone Layout 1 | . . . . 1 . Fabricator Hacks . | . . . . . . Repair Station Hacks . | . . . . . . Recycling Unit Hacks . | . . . . . . Scanalyzer . | . . . . . . Garrison Access Hacks 1 | . . . . . 1 Seal Access 1 | . . . . . 1 Unauthorized Hacks 4 | . 4 . . . . Terminals 4 | . 4 . . . . Track 1 | . 1 . . . . Botnet 3 | . 3 . . . . Fabricators . | . . . . . . Repair Stations . | . . . . . . Recycling Units . | . . . . . . Scanalyzers . | . . . . . . Garrison Access . | . . . . . . Data Cores Recovered . | . . . . . . Used . | . . . . . . Hacking Detections 7 | . 5 . . 1 1 Full Trace Events . | . . . . . . Feedback Events . | . . . . . . Feedback Blocked . | . . . . . . Robot Schematics Acquired . | . . . . . . Robots Built . | . . . . . . Authchips . | . . . . . . Time . | . . . . . . Total Robot Build Rating . | . . . . . . Part Schematics Acquired 1 | . . . . 1 . Parts Built . | . . . . . . Authchips . | . . . . . . Time . | . . . . . . Total Part Build Rating . | . . . . . . Parts Repaired . | . . . . . . Time . | . . . . . . Parts Recycled . | . . . . . . Recycled Matter . | . . . . . . Retrieved Matter . | . . . . . . Retrieved Components . | . . . . . . Parts Scanalyzed . | . . . . . . Part Schematics Acquired . | . . . . . . Parts Damaged . | . . . . . . Bothacking | -11 -10 -10 -10 -9 -8 ------------ Run | Jun Mat Min Exi Min Mat Used RIF Installer . | . . . . . . Robots Hacked . | . . . . . . Non-combat . | . . . . . . Combat . | . . . . . . Robot Hacks Applied . | . . . . . . Relay Couplers Released . | . . . . . . Fabnet Peak Effective % . | . . . . . . Robots Rewired . | . . . . . . Allies Hacked . | . . . . . . Hacks Repelled . | . . . . . . Allies | -11 -10 -10 -10 -9 -8 -------- Run | Jun Mat Min Exi Min Mat Total Allies . | . . . . . . Largest Group . | . . . . . . Highest-Rated Group . | . . . . . . Highest-Rated Ally . | . . . . . . Total Orders . | . . . . . . Ally Attacks . | . . . . . . Total Damage . | . . . . . . Kills . | . . . . . . Allies Corrupted . | . . . . . . Allies Melted . | . . . . . . Intel | -11 -10 -10 -10 -9 -8 ------- Run | Jun Mat Min Exi Min Mat Robot Analysis Total . | . . . . . . Derelict Logs Recovered 2 | . . 1 . 1 . Drone Launches . | . . . . . . Drone Recoveries . | . . . . . . Exploration | -11 -10 -10 -10 -9 -8 ------------- Run | Jun Mat Min Exi Min Mat Turns Passed 1681 | 113 522 343 111 365 227 Spaces Moved 1507 | 57 454 242 138 416 200 Core 6 | 6 . . . . . Treads . | . . . . . . Legs . | . . . . . . Wheels 1473 | 51 454 242 138 416 172 Hover 28 | . . . . . 28 Flight . | . . . . . . Fastest Speed 50 | 50 80 80 80 80 80 Average Speed 81 | 88 80 80 80 80 83 Slowest Speed 100 | 100 95 80 80 95 100 Overloaded Moves . | . . . . . . Propulsion Burnouts . | . . . . . . Robots Hopped . | . . . . . . Cave-ins Triggered . | . . . . . . Exploration Rate (%) 44 | 4 69 30 50 85 27 Regions Visited 5 Branch Regions 3 Pre-discovered Areas 2 | . . . 1 1 . Known Exits Taken . | . . . . . . Unknown Exits Taken 5 | 1 1 1 1 1 . Scrap Searched 2 | . . . . 2 . Spaces Dug . | . . . . . . Terrain Destroyed 29 | . . . . . 29 Melee . | . . . . . . Projectile . | . . . . . . AOE 29 | . . . . . 29 Terrain Rammed . | . . . . . . Walls Destroyed . | . . . . . . Machines Disabled . | . . . . . . Actions | -11 -10 -10 -10 -9 -8 --------- Run | Jun Mat Min Exi Min Mat Total 1857 | 105 528 391 138 449 246 Wait 209 | 11 25 141 . 20 12 Move 1502 | 56 453 241 137 415 200 Hop . | . . . . . . Pick Up 40 | 14 3 6 1 5 11 Fast Attach . | . . . . . . Attach 23 | 6 4 . . 2 11 Detach . | . . . . . . Swap 5 | 2 . 1 . 2 . Drop 11 | 2 . 2 . 4 3 Fire 67 | 14 43 . . 1 9 Melee . | . . . . . . Ram . | . . . . . . Kick . | . . . . . . Crush . | . . . . . . Escape Stasis . | . . . . . . Rewire . | . . . . . . Trap . | . . . . . . Miscellaneous . | . . . . . . Route ------- -11/Junkyard -10/Materials (discovered 2 exits: [*Mat] / [*Min]) -10/Mines (discovered 2 exits: [*Mat] / *Exi) -10/Exiles -9/Mines -8/Materials History --------- Turn | Location | Event 24 | -11/Junkyard | Discovered new exit (range 15) 114 | -11/Junkyard | Entered Materials 315 | -10/Materials | Discovered new exit (range 10) 317 | -10/Materials | Build established: Mutant 545 | -10/Materials | Discovered new exit (range 5) 602 | -10/Materials | Lost 3 parts (1p2n) 636 | -10/Materials | Entered Mines 637 | -10/Mines | Assembled infested the area 810 | -10/Mines | Deemed a non-threat by the Exiles lab entrance 835 | -10/Mines | Joined a pair of Derelicts in attacking an 0b10 outpost 844 | -10/Mines | Discovered new exit (range 9) 976 | -10/Mines | Discovered new exit (range 5) 979 | -10/Mines | Entered Exiles 1001 | -10/Exiles | Met 8R-AWN 1013 | -10/Exiles | Met EX-HEX 1049 | -10/Exiles | Met EX-DEC 1053 | -10/Exiles | Learned location of Zion (-7) 1081 | -10/Exiles | Discovered new exit (range 14) 1090 | -10/Exiles | Entered Mines 1153 | -9/Mines | Discovered new exit (range 5) 1256 | -9/Mines | Learned Materials stockpile data 1258 | -9/Mines | YI-UF0 nonchalantly dropped a Grenade Launcher on the ground 1420 | -9/Mines | Learned location of Storage (-8) 1455 | -9/Mines | Entered Materials 1455 | -8/Materials | Evolved 4 slots: Propulsion x1, Utility x3 1627 | -8/Materials | Core integrity fell below 50% 1640 | -8/Materials | Core integrity fell below 20% 1682 | -8/Materials | Destroyed by H-55 Commando with Gauss Rifle Last Messages --------------- 01635_ Connecting with Terminal... 01636_ L-31 Rogue suffers critical hit (Burn). 01636_ U-05 Engineer builds a Wall. 01637_ Acquired 7 matter. 01640_ Acquired 1 matter. 01645_ K-01 Serf cleans the Nuclear Reactor. 01651_ Acquired Hacking Suite. 01658_ K-01 Serf cleans the Processing Tank. 01659_ Arm. Huge Wheel destroyed. 01661_ Processing Tank disabled. 01661_ K-01 Serf collects debris. 01663_ W-25 Informer sends out distress signal. 01665_ K-01 Serf collects debris. 01667_ Penetrated by Slug. 01667_ G-47 Trooper suffers critical hit (Destroy). 01667_ G-47 Trooper destroyed. 01668_ K-01 Serf collects debris. 01670_ Slug penetrates Wall. 01677_ T-07 Excavator is excavating. 01682_ Penetrated by Slug. Map ----- +----------------------------------------------------+ | ?????????????# """ "" # """ #### #### | | ?????????????# """ """ # """ / + | | ?????????????? """ """ !# #### ####### | | ?????????????# """ """ # #?## #?????# | | ????????????## """ "" ########?## #?????# | | ????????? #????????## #?????# | | ????????? #??????#### ####### | | ????????? #?????##"## | | ?????????##/############## #?????#== | | ?????????????????????????# #?????# = = | | ?????????????????????????# #?????# !% ! #T##### | | ?????????????????????????# l #?????# ! =% ###???# | | ?????????????????????????# ks#?????#[ #?????# | | ?????????????????????????# s#?????#[[ %#?????# | | ?????????????????????????# s #?????####" #?????# | | ?????????????????######??#h #????????## #?????# | | ????????????????? ??# s #?????????# #?????# | | ?????????????????"" """ ## ########## #????# | | ?????????????????"" """ # #????# | | ?????????????????"" """ + #????? | | ??????????????# # #????? | | ??????????????# # #######+### #????? | | ??????????????# ?# #?????????## ##????? | | ??????????????# ?# #??????????# #?????? | | ??????????????########??# #??????????? #?????# | | ????????????????????????#@ #??????????? #?????# | | ????????????????????????# #???????????? #|????# | | ????????????????????????# #????????????????????# | | ????????????????????????# #????????????????????# | | ????????????????????????# #????????????????????+ | | ????????????????????????# #????????????????????# | | ????????????????????????# t????????????????????# | | ????????????????????????# #????????????????????# | | ???????????????????????? #????????????????????# | | ???????????????????????? #????????????????????# | | ???????????????????????=== #????????????????????# | | ????????????????????????== ????????????????????# | | ????????????????????????== ????????????????????# | | ???????????????????????? ????????????????????# | | ???????????????????????? ????????????????????# | | ????????????????????????### ?????????????????????# | | ?????????????????????????????????????????????????# | | ?????????????????????????????????????????????????# | | ?????????????????????????????????????????????????# | | ?????????????????????????????????????????????????# | | ?????????????????????????????????????????????????# | | ?????????????????????????????????????????????????? | | ?????????????????????????????????????????????????? | | ?????????????????????????????????????????????????? | | ?????????????????????????????????????????????????? | +----------------------------------------------------+ Best States ------------- Heat Dissipation 31 Energy Generation 14 Energy Capacity 250 Matter Stores 300 Matter Capacity 300 Sight Range 16 Terrain Scan Density 10 Armor Coverage 150 Evasion (%) 50 Targeting Accuracy 5 Offensive Hacking 10 Item Schematics ----------------- Wheel | -9/Mines | Hacked Robot Schematics ------------------ None Fabricated ------------ Nothing Alien Tech Used ----------------- None Achievements -------------- None Challenges ------------ None Game ------ Seed CloakSeismicDoomcannon Manual? 0 Play Time 00:16:36 Cumulative 319.0 hours Start 2023.03.11 @ 21:26:10 End 2023.03.11 @ 21:42:34 Sessions 1 Manual Loads 0 Difficulty Rogue Special Mode None Game No. 360 Rogue 360 Adventurer 0 Explorer 0 Win Type - Total 6 Types 3/1/1/1/0/0/0/0/0 Lore% 63 Gallery% 78 Achievement% 66 Wizard Run 0 Options --------- ASCII 0 Keyboard 0 Movement Numpad Keybinds 0 Fullscreen 1 Font 16/Terminus Map View 75x55 Tactical HUD 1 Map Filters NONE Filters NONE Steam 1 RUN: 54ec2c7b-709f-4680-b134-b3109d29e699